 Dungeon Crawl Stone Soup version 0.24.1 (webtiles) character file.

Game seed: 15540527827071397531, levelgen mode: deterministic

2 Descartes the Vexing (level 1, 0/7 HPs)
             Began as a Felid Enchanter on Mar 24, 2020.
             Slain by a kobold
             ... wielding a +0 dagger
              (2 damage)
             ... on level 3 of the Dungeon.
             The game lasted 00:01:10 (155 turns).

Descartes the Vexing (Felid Enchanter)               Turns: 155, Time: 00:01:11

Health: 0/7        AC:  1    Str:  4    XL:     1   Next: 25%
Magic:  4/4        EV: 18    Int: 16    God:
Gold:   15         SH:  0    Dex: 16    Spells: 3/4 levels left
                                        Lives:  0   Deaths: 0

rFire    . . .     SeeInvis +     - Unarmed
rCold    . . .     Gourm    .   (shield unavailable)
rNeg     . . .     Faith    .   (armour unavailable)
rPois    .         Spirit   .   (helmet unavailable)
rElec    .         Reflect  .   (cloak unavailable)
rCorr    .         Harm     .   (gloves unavailable)
MR       .....                  (boots unavailable)
Stlth    +++.......             (no amulet)
HPRegen  0.02/turn              (no ring)
MPRegen  0.09/turn              (no ring)

@: quick
A: very small, no armour, no weapons or thrown items, stealth, claws 1, fangs 3,
see invisible, carnivore, speed 1, shaggy fur 1, slow metabolism 1, sharp paws
a: no special abilities


You were on level 3 of the Dungeon.
You were not hungry.

You visited 1 branch of the dungeon, and saw 3 of its levels.

You collected 15 gold pieces.

Inventory:

Jewellery
 a - an uncursed amulet of rage {unknown}
Potions
 c - a potion of curing {unknown}
Comestibles
 b - a ration


   Skills:
 + Level 2.7 Dodging
 + Level 4.0 Stealth
 + Level 1.0 Unarmed Combat
 + Level 2.0 Spellcasting
 + Level 4.4 Hexes


You had 3 spell levels left.
You knew the following spells:

 Your Spells              Type           Power        Failure   Level  Hunger
a - Corona                Hex            ###....      3%          1    #......

Your spell library contained the following spells:

 Spells                   Type           Power        Failure   Level  Hunger
 Confuse                  Hex            ###.....     10%         3    ###....
 Tukima's Dance           Hex            ###.....     10%         3    ###....
 Ensorcelled Hibernation  Hex/Ice        #.....       13%         2    ###....
 Dazzling Spray           Conj/Hex       #.....       26%         3    ###....


Dungeon Overview and Level Annotations

Branches:
Dungeon (3/15)

Altars:
Wu Jian


Innate Abilities, Weirdness & Mutations

You cannot wear armour.
You are incapable of wielding weapons or throwing items.
Your paws allow you to move quietly. (Stealth)
You have sharp claws.
You have razor-sharp teeth.
You have supernaturally acute eyesight. (SInv)
You are carnivorous and can eat meat at any time.
You cover ground quickly.
You are covered in fur. (AC +1)
You have a slow metabolism.
Your sharp claws are effective at attacking unaware monsters.


Message History

The hobgoblin is severely wounded.
The hobgoblin hits you with a +0 club.
You are too injured to fight recklessly!
You are too injured to fight recklessly!
You are too injured to fight recklessly!
You barely miss the hobgoblin.
You bite the hobgoblin, but do no damage.
The hobgoblin is severely wounded.
The hobgoblin hits you with a +0 club.
* * * LOW HITPOINT WARNING * * *
You scratch the hobgoblin but do no damage.
The hobgoblin is severely wounded.
A kobold comes into view. It is wielding a +0 dagger.
The hobgoblin misses you.
You scratch the hobgoblin.
You kill the hobgoblin!
An adder comes into view.
You scratch the kobold but do no damage.
The kobold hits you with a +0 dagger.
You die...

#< #.##...........#######.#
#?###.########.............#
.......# #####.#########
##.#...##### #.#
...........########.#
#.)......K....##.#
##.####.#####.##.# #.
#......K##.# #> ######.@##.#
#. #..##.# #. #######..##.#
.. ............# #.
#######.###.# #......S.
#.#.....# #.##..#≈#
#.##..#≈≈


You could see a kobold.

Vanquished Creatures
  A hobgoblin (D:3)
  A frilled lizard (D:1)
2 creatures vanquished.

Notes
Turn   | Place    | Note
-------+----------+-------------------------------------------
     0 | D:1      | Descartes the Felid Enchanter began the quest for the Orb.
     0 | D:1      | Reached XP level 1. HP: 7/7 MP: 4/4
    73 | D:1      | You fall into a shaft and drop 1 floor!
    73 | D:2      | Found an ornate altar of the Wu Jian Council.
   155 | D:3      | Slain by a kobold

Levels and vault maps discovered:
D:1:      kilobyte_arrival_exit_the_forest, layout_loops_ring,
          minmay_curled_crystal, minmay_fountain_box, bh_walls_and_bars
D:2:      layout_rooms, marbit_many_paths, nicolae_overflow_hidden_temple,
          ebering_dispersal_statue_hall
D:3:      layout_loops_ring, nicolae_overflow_crystal_walls, lemuel_round_altar,
          minmay_misc_feat_plants, minivault_4

Action                   || total
-------------------------++-------
Melee: Unarmed           ||     6
       Bite              ||     1
 Stab: Sleeping          ||     1
Dodge: Dodged            ||     1
